 Dungeon Crawl Stone Soup version 0.18.1-48-g4cf74bf (webtiles) character file.

476 wemp the Thaumaturge (level 6, -5/28 HPs)
             Began as a Spriggan Conjurer on Aug 4, 2016.
             Slain by a centaur (9 damage)
             ... on level 5 of the Dungeon.
             The game lasted 00:10:45 (4738 turns).

wemp the Thaumaturge (Spriggan Conjurer)            Turns: 4738, Time: 00:10:46

Health: -5/28      AC:  4    Str:  4    XL:     6   Next: 85%
Magic:  28/28      EV: 18    Int: 18    God:
Gold:   277        SH:  0    Dex: 17    Spells: 3 memorised, 16 levels left

rFire  . . .     SeeInvis +     i - +1 short sword (flame)
rCold  . . .     Gourm    .     a - +0 robe
rNeg   . . .     Faith    .     (shield restricted)
rPois  .         Spirit   .     (helmet restricted)
rElec  .         Dismiss  .     C - +1 cloak
rCorr  +         Reflect  .     (gloves unavailable)
SustAt .         Harm     .     (boots unavailable)
MR     +....                    (no amulet)
Stlth  +++.......               E - ring of magical power
                                g - ring of resist corrosion

@: very quick, somewhat resistant to hostile enchantments, fairly stealthy
A: unfitting armour, see invisible, herbivore 3, speed 3, slow metabolism 2
a: no special abilities


You were on level 5 of the Dungeon.
You were not hungry.

You visited 1 branch of the dungeon, and saw 5 of its levels.

You collected 277 gold pieces.

Inventory:

Hand Weapons
 e - a +0 dagger
 i - a +1 short sword of flaming (weapon)
 n - a cursed -1 dagger
Missiles
 p - 5 tomahawks (quivered)
 F - 3 steel tomahawks
Armour
 a - a +0 robe (worn)
 j - a +0 cloak
 A - a +1 cloak
 C - a +1 cloak (worn)
Jewellery
 g - a ring of resist corrosion (left hand)
 E - a ring of magical power (right hand)
Wands
 s - a wand of enslavement (15/24)
Scrolls
 f - 5 scrolls of identify {unknown}
 u - a scroll of magic mapping {unknown}
 w - a scroll of fog {unknown}
 x - a scroll of amnesia {unknown}
 y - a scroll of fear {unknown}
 z - 2 scrolls of teleportation {unknown}
 D - a scroll of remove curse {unknown}
Potions
 d - 2 potions of lignification {unknown}
 h - a potion of cure mutation {unknown}
 k - a potion of heal wounds {unknown}
 l - a potion of mutation {unknown}
 m - a potion of berserk rage {unknown}
 o - 3 potions of curing {unknown}
 q - a potion of cancellation {unknown}
 t - a potion of flight {unknown}
 v - a potion of haste {unknown}
 B - a potion of might {unknown}
Books
 b - a book of Conjurations

   Spells                             Type                      Level
   a - Magic Dart                     Conjuration                  1
   b - Searing Ray                    Conjuration                  2
   c - Dazzling Spray                 Conjuration/Hexes            3
   d - Fulminant Prism                Conjuration/Hexes            4
   e - Iskenderun's Mystic Blast      Conjuration                  4
   f - Iskenderun's Battlesphere      Conjuration/Charms           5
Comestibles
 c - 4 bread rations
 r - a royal jelly


   Skills:
 - Level 3.0 Dodging
 - Level 3.0 Stealth
 + Level 9.1 Spellcasting
 - Level 2.9 Conjurations


You had 16 spell levels left.
You knew the following spells:

 Your Spells              Type           Power        Failure   Level  Hunger
a - Magic Dart            Conj           ###.         2%          1    None
b - Searing Ray           Conj           ###...       4%          2    None
c - Iskenderun's Mystic   Conj           ###.....     28%         4    ###....


Dungeon Overview and Level Annotations

Branches:
Dungeon (5/15)
 Temple: D:4-7

Altars:
Ashenzari
Dithmenos
Kikubaaqudgha
Makhleb

Shops:
D:4 *

Annotations:
D:4 p0werm0de's ghost, novice OpMo


Innate Abilities, Weirdness & Mutations

You are tiny and cannot use many weapons and most armour.
You have supernaturally acute eyesight.
You are a herbivore.
You cover ground extremely quickly.
You need consume almost no food.


Message History

The centaur shouts!
The centaur wields a shortbow.
The centaur shoots an arrow.
The arrow hits you.
You see here an arrow.
The centaur unwields an uncursed shortbow.
The centaur misses you.
You hit the centaur but do no damage. The centaur misses you.
You hit the centaur but do no damage. The centaur closely misses you.
The centaur hits you.
You closely miss the centaur. The centaur completely misses you.
The centaur barely misses you.
You barely miss the centaur. The centaur misses you.
You completely miss the centaur. The centaur misses you. The centaur hits you.
You barely miss the centaur. The centaur hits you. The centaur hits you!
* * * LOW HITPOINT WARNING * * *
You barely miss the centaur. The centaur hits you.
* * * LOW HITPOINT WARNING * * *
You hit the centaur. You burn the centaur.
The centaur is lightly wounded.
The centaur hits you!
You die...

#..####.#
#.# ##..#
#.# #.#
#...#
#.####.###
#..##
#........#
#..#
######.#.#
#..# #.#.#
#..# #.#(#
#..######
#.#.#
#........
(.#@#
#[#######
###c# #.#
#.# #<#
#.# #.#
#.# #..
#.# ####
#.# #.#


You could see a centaur.

Vanquished Creatures
  2 ogres (D:4)
  2 crimson imps
  2 hounds
  An iguana (D:5)
  Ijyb (D:2)
  3 adders
  2 oozes
  2 worms (D:4)
  2 dart slugs
  2 giant geckos
  6 orcs
  5 giant cockroaches
  12 goblins
  5 hobgoblins
  2 jackals (D:1)
  3 quokkas
  8 bats
  5 giant newts
  8 kobolds
  7 rats
80 creatures vanquished.

Vanquished Creatures (others)
  A human (D:2)
1 creature vanquished.

Grand Total: 81 creatures vanquished

Notes
Turn   | Place    | Note
--------------------------------------------------------------
     0 | D:1      | wemp the Spriggan Conjurer began the quest for the Orb.
     0 | D:1      | Reached XP level 1. HP: 9/9 MP: 5/5
     0 | D:1      | Noticed a vampire
     0 | D:1      | Noticed a minotaur
     1 | D:1      | Noticed a dwarf
     3 | D:1      | Noticed a felid
     3 | D:1      | Noticed a felid
     5 | D:1      | Noticed a draconian
     6 | D:1      | Noticed a centaur
    10 | D:1      | Noticed a vampire
    12 | D:1      | Noticed a troll
    12 | D:1      | Noticed a felid
    13 | D:1      | Noticed a ghoul
    14 | D:1      | Noticed a felid
    14 | D:1      | Noticed a minotaur
    16 | D:1      | Noticed a centaur
    16 | D:1      | Noticed a dwarf
    18 | D:1      | Noticed a vine stalker
    20 | D:1      | Noticed a naga
   108 | D:1      | Reached skill level 3 in Spellcasting
   298 | D:1      | Reached XP level 2. HP: 8/13 MP: 1/7
   425 | D:1      | Learned a level 2 spell: Searing Ray
   808 | D:1      | Reached skill level 4 in Spellcasting
  1070 | D:2      | Reached XP level 3. HP: 13/16 MP: 9/9
  1244 | D:2      | Noticed Ijyb
  1354 | D:2      | Killed Ijyb
  1354 | D:2      | Reached skill level 5 in Spellcasting
  1354 | D:2      | Reached XP level 4. HP: 11/21 MP: 2/12
  1533 | D:2      | Found an ancient bone altar of Kikubaaqudgha.
  1547 | D:2      | Noticed a human
  1549 | D:2      | Killed a human
  2008 | D:3      | Reached skill level 6 in Spellcasting
  2110 | D:3      | Found a burning altar of Makhleb.
  2322 | D:3      | Reached XP level 5. HP: 10/24 MP: 6/15
  2941 | D:4      | Found a shadowy altar of Dithmenos.
  2985 | D:4      | Noticed an ogre
  3022 | D:4      | Killed an ogre
  3022 | D:4      | Reached skill level 7 in Spellcasting
  3155 | D:4      | Noticed p0werm0de's ghost (novice OpMo)
  3322 | D:4      | Reached XP level 6. HP: 28/28 MP: 17/17
  3380 | D:4      | Reached skill level 8 in Spellcasting
  3645 | D:4      | Found a shattered altar of Ashenzari.
  3768 | D:4      | Found Nupseuk's Assorted Antiques.
  4007 | D:4      | Learned a level 4 spell: Iskenderun's Mystic Blast
  4494 | D:5      | Entered Level 5 of the Dungeon
  4649 | D:5      | Reached skill level 9 in Spellcasting
  4738 | D:5      | Slain by a centaur

Skill      XL: |  1  2  3  4  5  6 |
---------------+-------------------+-----
Spellcasting   | 3 4 5 6 7 9 |  9.1
Dodging        | |  3.0
Stealth        | |  3.0
Conjurations   | |  2.9

Action                   |  1- 3 |  4- 6 || total
-------------------------+-------+-------++-------
Melee: Dagger            |    26 |       ||    26
       Short sword       |    87 |   102 ||   189
 Cast: Magic Dart        |    32 |   101 ||   133
       Searing Ray       |       |     1 ||     1
 Stab: Sleeping          |     4 |     8 ||    12
  Eat: Fruit             |       |     3 ||     3
Armor: Robe              |    12 |    19 ||    31
Dodge: Dodged            |    90 |   110 ||   200
